 Dungeon Crawl Stone Soup version 0.30-a0-777-ga9a30cbeda (webtiles) character file.

Game seed: 3230725516387797512

7 FallingFreak the Grasshopper (level 1, 20/20 HPs)
             Began as a Troll Warper on Feb 13, 2023.
             Quit the game on level 1 of the Dungeon.
             The game lasted 00:01:33 (164 turns).

FallingFreak the Grasshopper (Troll Warper)          Turns: 164, Time: 00:01:34

Health: 20/20      AC:  4    Str: 18    XL:     1   Next: 83%
Magic:  1/1        EV: 10    Int:  9    God:
Gold:   21         SH:  0    Dex:  9    Spells: 2/2 levels left

rFire   . . .      SeeInvis .    a - +0 mace
rCold   . . .      Faith    .    (no shield)
rNeg    . . .      Spirit   .    b - +0 robe
rPois   .          Reflect  .    (helmet restricted)
rElec   .          Harm     .    (no cloak)
rCorr   .          Rampage  .    (gloves unavailable)
Will    .....                    (boots unavailable)
Stlth   +                        (no amulet)
HPRegen 1.03/turn                (no ring)
MPRegen 0.07/turn                (no ring)

@: no status effects
A: large, unfitting armour, claws 3, regeneration 1, shaggy fur 1, tough skin 1
a: no special abilities


You were on level 1 of the Dungeon.
You visited 1 branch of the dungeon, and saw 1 of its levels.

You collected 21 gold pieces.

Inventory:

Hand Weapons
 a - a +0 mace (weapon)
Missiles
 d - 7 boomerangs of dispersal (quivered) {!f}
Armour
 b - a +0 robe (worn)
Scrolls
 f - a scroll of blinking
Potions
 c - a potion of might {unknown}


   Skills:
 + Level 1.7 Fighting
 + Level 1.9 Maces & Flails
 - Level 0.8 Throwing
 + Level 2.0 Dodging
 + Level 1.3 Spellcasting
 + Level 2.2 Translocations


You had 2 spell levels left.
You didn't know any spells.
Your spell library contained the following spells:

 Spells                   Type           Power      Damage    Failure   Level
 Blink                    Tloc           8%         N/A       22%         2
 Lesser Beckoning         Tloc           8%         N/A       22%         2
 Teleport Other           Tloc           4%         N/A       38%         3
 Vhi's Electric Charge    Tloc/Air       4%         N/A       56%         3
 Manifold Assault         Tloc           4%         N/A       80%         4


Dungeon Overview and Level Annotations

Branches:
Dungeon (1/15) Zot: 5832

Altars:


Innate Abilities, Weirdness & Mutations

You are too large for most types of armour.
You have claws for hands.
Your natural rate of healing is unusually fast.
You are covered in fur. (AC +1)
You have tough skin. (AC +1)


Message History

Press: ? - help, Dir - move target, f - you That would be overly suicidal.
Okay, then.
Hit: a) +0 mace
Press: ? - help, Dir - move target, f - you That would be overly suicidal.
Okay, then.
Unknown command.
You see here a hobgoblin corpse.
You open the door.
There is an open door here.
A hobgoblin comes into view.
The hobgoblin shouts!
The hobgoblin barely misses you.
Hit: a) +0 mace
Press: ? - help, Dir - move target, f - hobgoblin
Aim: a hobgoblin (about 46% to evade your +0 mace)
You hit the hobgoblin.
You kill the hobgoblin!
Unknown command.
Hit: a) +0 mace
Press: ? - help, Dir - move target, f - you That would be overly suicidal.
Okay, then.
Hit: a) +0 mace
Press: ? - help, Dir - move target, f - you That would be overly suicidal.
Okay, then.
Hit: a) +0 mace
Press: ? - help, Dir - move target, f - you That would be overly suicidal.
Okay, then.
Your movement speed is average.
Your attack delay is about 1.3.
Your damage rating with your +0 mace is about 10 (Base 8 x 120% (Str) x 105% (Skill)).
Unknown command.
Unknown command.
Saving game... please wait.
Welcome back, FallingFreak the Troll Warper.
Press ? for a list of commands and other information.
Are you sure you want to abandon this character and quit the game? (Confirm with "yes".)

#......#####.##..# #.
#..@.........#.......
#......#####.#.......
#....................
#......#####.# .....
#......# .....
#......# ... #......#
#......#


There were no monsters in sight!

Vanquished Creatures
  2 endoplasms (D:1)
  2 hobgoblins (D:1)
  A frilled lizard (D:1)
  A kobold (D:1)
6 creatures vanquished.

Notes
Turn   | Place    | Note
-------+----------+-------------------------------------------
     0 | D:1      | FallingFreak the Troll Warper began the quest for the Orb.
     0 | D:1      | Reached XP level 1. HP: 19/19 MP: 1/1
   164 | D:1      | Quit the game

Illustrated notes

Levels and vault maps discovered:
D:1:      evilmike_arrival_crescent, layout_basic

Skill      XL: |  1 |
---------------+----+-----
Dodging        | 2 |  2.0
Fighting       | |  1.7
Maces & Flails | |  1.9
Throwing       | |  0.8
Spellcasting   | |  1.3
Translocations | |  2.2

Action                     || total
---------------------------++-------
  Melee: Mace              ||    13
 Armour: Robe              ||     5
  Dodge: Dodged            ||     3

Table legend: (Time is in decaauts)
 A = Elapsed time spent in this place.
 B = Non-inter-level travel time spent in this place.
 C = Inter-level travel time spent in this place.
 D = Time resting spent in this place.
 E = Time spent auto-exploring this place.
 F = Levels seen in this place.
 G = Mean time per level.
                   A        B        C        D        E       F      G
               +--------+--------+--------+--------+--------+-----+--------+
         Total |    168 |    168 |      0 |      0 |    126 |   1 |  168.0 |
       Dungeon |    168 |    168 |      0 |      0 |    126 |   1 |  168.0 |
               +--------+--------+--------+--------+--------+-----+--------+

Top non-repeatable levels by time:
     D:1: 168 daAuts
